 Dungeon Crawl Stone Soup version 0.32-a0-43-g058985b245 (webtiles) character file.

Game seed: 2045406210765503834

26 Atlas the Firebug (level 2, 0/19 HPs)
             Began as a Demonspawn Fire Elementalist on Feb 4, 2024.
             Slain by Natasha (2 damage)
             ... on level 2 of the Dungeon.
             The game lasted 00:00:57 (1253 turns).

Atlas the Firebug (Demonspawn Fire Elementalist)    Turns: 1253, Time: 00:00:58

Health: 0/19       AC:  4    Str:  8    XL:     2   Next: 89%
Magic:  0/5        EV: 12    Int: 15    God:
Gold:   40         SH:  0    Dex: 13    Spells: 4/5 levels left

rFire   . . .        (no weapon)
rCold   . . .        (no shield)
rNeg    . . .        a - +0 robe
rPois   .            (no helmet)
rElec   .            (no cloak)
rCorr   .            (no gloves)
SInv    .            (no boots)
Will    .....        (no amulet)
Stlth   ++           (no ring)
HPRegen 0.23/turn    (no ring)
MPRegen 0.09/turn

%: no passive effects
@: very slightly contaminated
A: slimy green scales 1
a: no special abilities


You were on level 2 of the Dungeon.
You visited 1 branch of the dungeon, and saw 2 of its levels.

You collected 40 gold pieces.

Inventory:

Armour
 a - a +0 robe (worn)
Scrolls
 c - 2 scrolls of immolation {unknown}
Potions
 b - a potion of magic
 d - a potion of invisibility {unknown}
 e - a potion of curing {unknown}
 f - a potion of haste {unknown}


   Skills:
 + Level 1.9 Dodging
 + Level 1.7 Stealth
 + Level 2.3 Spellcasting
 + Level 1.1 Conjurations
 + Level 3.3 Fire Magic


You had 4 spell levels left.
You knew the following spells:

 Your Spells              Type           Power      Damage    Failure   Level
a - Foxfire               Conj/Fire      32%        2x1d5     9%          1

Your spell library contained the following spells:

 Spells                   Type           Power      Damage    Failure   Level
 Scorch                   Fire           22%        2d5       9%          2
 Inner Flame              Hex/Fire       6%         N/A       32%         3
 Volatile Blastmotes      Fire/Tloc      12%        2d11      32%         3
 Flame Wave               Conj/Fire      8%         2d5       63%         4


Dungeon Overview and Level Annotations

Branches:
Dungeon (2/15)

Altars:

Annotations:
D:2 Natasha


Innate Abilities, Weirdness & Mutations

You are partially covered in slimy green scales. (AC +2)


Message History

There is a stone staircase leading up here.
There are monsters nearby!
There are monsters nearby!
Found a buckler.
You miscast Foxfire.
You are very lightly contaminated with residual magic.
Nothing appears to happen.
The bat misses you. The bat closely misses you. Natasha claws you!
You conjure some foxfire!
The bat hits you but does no damage. Natasha claws you but does no damage.
Unknown command.
You conjure some foxfire!
The foxfire hits Natasha.
Natasha is lightly wounded.
The foxfire hits the bat but does no damage.
Natasha casts a spell at you. The magic dart hits you.
You are too injured to fight recklessly!
You are too injured to fight recklessly!
Unknown command.
You are too injured to fight recklessly!
You are too injured to fight recklessly!
You are too injured to fight recklessly!
Casting: Foxfire (safe; 9% risk of failure)
Confirm with . or Enter, or press ? or * to list all spells.
You conjure some foxfire!
The foxfire hits the bat.
You kill the bat!
Natasha claws you but does no damage.
You hit Natasha but do no damage.
Natasha is lightly wounded.
The foxfire hits Natasha.
Natasha is moderately wounded.
The foxfire hits Natasha but does no damage.
Natasha is moderately wounded.
Natasha claws you.
* * * LOW HITPOINT WARNING * * *
Casting: Foxfire (safe; 9% risk of failure)
Confirm with . or Enter, or press ? or * to list all spells.
You miscast Foxfire.
Nothing appears to happen.
Natasha claws you.
You die...
Natasha begins licking her fur clean.

### ..# ... #.#
# #.#[#
.##.###.#.#
..........#
#..##h###.####
#....@<.......
#.###ยง#.#.####
.......
.....#.###
#######.# .# .#
.#


You could see Natasha.

Vanquished Creatures
  3 endoplasms (D:1)
  6 goblins (D:1)
  A hobgoblin (D:1)
  2 quokkas (D:1)
  A ball python (D:1)
  3 bats
  A frilled lizard (D:1)
  5 kobolds (D:1)
  3 rats (D:1)
25 creatures vanquished.

Vanquished Creatures (others)
  71 foxfires
71 creatures vanquished.

Grand Total: 96 creatures vanquished

Notes
Turn   | Place    | Note
-------+----------+-------------------------------------------
     0 | D:1      | Atlas the Demonspawn Fire Elementalist began the quest for
                  | the Orb.
     0 | D:1      | Reached XP level 1. HP: 13/13 MP: 3/3
   397 | D:1      | Reached skill level 3 in Fire Magic
   397 | D:1      | Gained mutation: You are partially covered in slimy green
                  | scales. (AC +2) [demonic ancestry]
   397 | D:1      | Reached XP level 2. HP: 19/19 MP: 1/5
  1245 | D:2      | Noticed Natasha
  1253 | D:2      | Slain by Natasha

Illustrated notes

Levels and vault maps discovered:
D:1:      minmay_arrival_nine_rooms, layout_basic
D:2:      layout_loops_ring, uniq_natasha

Skill      XL: |  1 |
---------------+----+-----
Fire Magic     | 3 |  3.3
Dodging        | |  1.9
Stealth        | |  1.7
Spellcasting   | |  2.3
Conjurations   | |  1.1

Action                     || total
---------------------------++-------
  Melee: Unarmed           ||    12
   Cast: Foxfire           ||    46
   Stab: Sleeping          ||     1
 Armour: Robe              ||    25
  Dodge: Dodged            ||    10

Table legend: (Time is in decaauts)
 A = Elapsed time spent in this place.
 B = Non-inter-level travel time spent in this place.
 C = Inter-level travel time spent in this place.
 D = Time resting spent in this place.
 E = Time spent auto-exploring this place.
 F = Levels seen in this place.
 G = Mean time per level.
                   A        B        C        D        E       F      G
               +--------+--------+--------+--------+--------+-----+--------+
         Total |   1252 |   1218 |     34 |      2 |   1076 |   2 |  626.0 |
       Dungeon |   1252 |   1218 |     34 |      2 |   1076 |   2 |  626.0 |
               +--------+--------+--------+--------+--------+-----+--------+

Top non-repeatable levels by time:
     D:1: 1245 daAuts
     D:2: 7 daAuts
